Map: Ulrena

Players

Xandros - Winner!

  • Race: Zerg Zerg

IA (Muy difícil) 1

  • Race: Terran Terran

VOD

Have the link to the VOD?

Description

Time

  • Played on: Nov. 20, 2015, 10:54 a.m.
  • Length: 13:26
Show
View Real Time Build Order
Export as new Build Order

Xandros Zerg - Winner!

Build Orders: Pool First 

Get SALT Encoding   

  12  0:03  Drone  
  13  0:10  Drone  
  14  0:17  Overlord  
  14  0:36  Spawning Pool  
  14  0:41  Drone x2  
  15  0:52  Extractor  
  15  0:54  Overlord  
  14  0:58  Drone  
  16  1:04  Drone  
  16  1:13  Drone  
  17  1:24  Drone  
  17  1:25  Queen  
  20  1:32  Spine Crawler  
  20  1:35  Drone  
  20  1:43  Spine Crawler  
  19  1:54  Zergling x2  
  20  1:57  Zergling x2  
  20  2:01  Queen  
  23  2:13  Zergling x2  
  24  2:17  Drone  
  25  2:28  Spine Crawler  
  24  2:31  Drone  
  25  2:39  Evolution Chamber  
  24  2:57  Drone  
  24  2:58  Drone x2  
  27  3:01  Extractor  
  23  3:22  Hatchery  
  22  3:29  Queen  
  22  3:32  Drone x3  
  27  3:34  Zerg Ground Armor Level 1  
  27  4:14  Drone  
  27  4:15  Drone  
  29  4:23  Lair  
  29  4:28  Roach Warren  
  28  4:50  Drone  
  28  4:51  Drone  
  30  4:53  Drone  
  30  4:54  Drone x4  
  35  5:02  Overlord x2  
  35  5:34  Roach  
  35  5:35  Roach x5  
  47  5:36  Roach x2  
  51  6:07  Hatchery  
  50  6:26  Glial Reconstitution  
  50  6:27  Metabolic Boost  
  50  6:31  Zerg Missile Weapons Level 1  
  50  6:38  Drone x2, Extractor  
  51  6:46  Overlord x3  
  51  6:59  Overseer  
  51  7:19  Drone  
  51  7:20  Drone x2  
  54  7:28  Roach x2  
  60  7:30  Roach x2  
  60  7:32  Roach  
  60  7:35  Ravager x4  
  68  7:42  Hydralisk Den  
  67  7:45  Drone x3, Infestation Pit  
  69  7:54  Overlord x3  
  69  7:56  Queen  
  71  7:59  Drone x3  
  74  8:30  Extractor  
  73  8:41  Muscular Augments  
  73  8:43  Hydralisk x5  
  73  8:44  Hydralisk x5  
  73  8:45  Hydralisk x2  
  97  8:58  Burrow  
  97  9:00  Overlord x3  
  97  9:15  Overseer  
  97  9:41  Zergling x12  
  97  9:42  Zergling x8  
  91  10:15  Roach x2  
  91  10:16  Roach x4  
  103  10:32  Drone x3  
  106  10:36  Lurker Den  
  106  10:42  Zerg Missile Weapons Level 2  
  106  10:48  Swarm Host x3  
  92  11:36  Roach x4  
  92  11:37  Roach x9  
  92  11:38  Roach x3  
  120  12:19  Lurker x3  
Show
View Real Time Build Order
Export as new Build Order

IA (Muy difícil) 1 Terran 

Build Orders: MMM Bio 

Get SALT Encoding   

  12  0:10  Supply Depot  
  12  0:13  SCV  
  13  0:36  Barracks  
  13  0:43  Barracks  
  13  0:58  SCV, Barracks  
  14  1:10  SCV  
  15  1:23  Marine  
  16  1:27  Barracks  
  16  1:29  Marine  
  17  1:41  Marine  
  17  1:44  Marine  
  19  1:47  Marine  
  20  1:54  Supply Depot  
  20  1:58  Marine  
  21  2:05  Marine  
  21  2:06  Marine  
  23  2:16  Marine x2  
  25  2:23  Marine  
  25  2:24  Marine  
  27  2:33  Marine  
  27  2:34  Marine  
  29  2:41  Marine  
  30  2:47  Supply Depot, Marine  
  31  2:55  Refinery  
  31  3:00  SCV  
  30  3:12  SCV  
  31  3:24  SCV  
  32  3:36  SCV  
  33  3:48  SCV  
  34  4:00  SCV, Factory  
  35  4:12  SCV  
  36  4:21  Supply Depot, Barracks Tech Lab  
  36  4:23  Refinery  
  36  4:24  SCV  
  37  4:37  Orbital Command  
  37  4:40  Marauder  
  37  4:45  Supply Depot, Factory Tech Lab  
  39  5:00  Stimpack  
  39  5:02  Marauder  
  39  5:03  SCV  
  42  5:15  SCV  
  43  5:23  Marauder  
  43  5:27  SCV  
  46  5:30  Barracks Tech Lab  
  46  5:32  Supply Depot, Barracks Reactor  
  46  5:39  Marine  
  47  5:44  Command Center, Marauder  
  51  5:50  Marauder  
  51  6:06  Marauder  
  51  6:08  Starport  
  55  6:11  Marauder  
  55  6:19  Supply Depot  
  55  6:26  Marine  
  55  6:27  Marauder  
  60  6:33  Marauder  
  60  6:45  Medivac  
  62  6:49  Marauder  
  62  6:51  Supply Depot  
  66  6:54  Marauder  
  66  6:57  SCV  
  66  7:00  SCV  
  68  7:09  SCV  
  68  7:12  SCV  
  68  7:15  Medivac  
  72  7:16  Marauder  
  72  7:21  Combat Shields  
  72  7:22  SCV  
  75  7:24  SCV  
  75  7:28  Concussive Shells  
  76  7:34  SCV  
  76  7:36  SCV  
  78  7:46  SCV, Engineering Bay  
  78  7:48  SCV  
  80  7:58  SCV  
  81  7:59  Refinery  
  81  8:00  SCV  
  82  8:10  SCV  
  82  8:11  Refinery  
  82  8:12  Terran Infantry Weapons Level 1, SCV  
  84  8:15  Supply Depot  
  84  8:22  SCV  
  84  8:24  SCV, Engineering Bay  
  86  8:30  Missile Turret  
  86  8:34  SCV  
  86  8:36  SCV  
  86  8:38  Missile Turret  
  88  8:44  Command Center  
  88  8:50  Terran Infantry Armor Level 1  
  88  8:57  Orbital Command  
  88  8:58  Starport Reactor  
  88  9:05  Marine  
  89  9:10  Marine  
  89  9:11  Supply Depot  
  89  9:12  Marine  
  89  9:15  Marine  
  92  9:28  Missile Turret  
  92  9:31  Marauder  
  94  9:33  Marauder  
  94  9:34  Viking, Medivac  
  94  9:36  Supply Depot  
  100  9:45  Marine  
  99  9:47  Marine  
  99  9:48  Marine  
  99  9:52  Marine  
  79  9:54  Marine  
  79  9:57  SCV  
  79  9:59  SCV  
  71  10:00  SCV  
  71  10:02  Marine  
  71  10:04  Medivac, Viking, Marine  
  68  10:07  Marine  
  68  10:09  SCV  
  68  10:10  Marauder  
  74  10:14  Marauder  
  74  10:16  SCV  
  74  10:17  SCV  
  76  10:21  SCV  
  76  10:24  Marine  
  76  10:26  Marine  
  76  10:27  Marine  
  76  10:28  SCV  
  81  10:30  SCV  
  81  10:31  Marauder  
  81  10:33  SCV  
  81  10:35  Marine  
  86  10:40  SCV  
  86  10:42  Marine  
  88  10:44  Marine  
  88  10:45  SCV, Marine  
  88  10:48  SCV  
  92  10:52  SCV  
  92  10:53  Marauder x2  
  97  10:57  SCV  
  97  11:00  Marine  
  97  11:01  Marine  
  97  11:03  Hellion, Marine  
  103  11:04  SCV  
  103  11:05  SCV  
  103  11:10  SCV  
  105  11:14  Marauder  
  105  11:15  Marauder  
  105  11:16  SCV  
  105  11:17  SCV  
  102  11:21  Marine  
  102  11:22  SCV, Marine  
  102  11:24  Hellion  
  87  11:26  Marine  
  87  11:28  SCV  
  68  11:34  SCV  
  68  11:35  Marauder, Marine  
  68  11:39  Marine  
  59  11:40  SCV, Marine  
  59  11:46  Hellion  
  60  11:54  Marauder  
  50  12:10  Marine  
  42  12:18  Marine x2  
  42  12:20  Marine  
  42  12:24  Marine  
  42  12:34  Marine  
  42  12:36  Marauder  
  42  12:42  Marine x2  
  39  12:54  Marine x2  
  36  13:01  Marauder  
Tags
 
Composition
MMM Bio
Matchup
TvZ
Opening
Pool First
Add a new tag
Caveats
  • Supply blocks, unpowered buildings, or Contaminate may cause inaccurate times.
  • Supply counts are checked every 10 seconds.